 Dungeon Crawl Stone Soup version 0.29.1 (webtiles) character file.

Game seed: 16629132554182401812

3738 Icepheonix32 the Martial Artist (level 10, 0/99 HPs)
             Began as a Merfolk Transmuter on Sept 13, 2022.
             Was a Follower of Yredelemnul.
             Succumbed to odiv's ghost's poison
             ... on level 8 of the Dungeon.
             The game lasted 00:17:12 (12203 turns).

Icepheonix32 the Martial Artist (MfTm)             Turns: 12203, Time: 00:17:12

Health: 0/99       AC:  2    Str: 10 (12) XL:     10   Next: 15%
Magic:  13/13      EV: 25    Int: 14 (16) God:    Yredelemnul [*.....]
Gold:   275        SH:  0    Dex: 17 (19) Spells: 1/13 levels left

rFire   . . .      SeeInvis .     - Unarmed
rCold   . . .      Faith    .   (shield currently unavailable)
rNeg    . . .      Spirit   .   (body armour currently unavailable)
rPois   x          Reflect  .   (helmet currently unavailable)
rElec   .          Harm     .   (cloak currently unavailable)
rCorr   .          Rampage  .   (gloves currently unavailable)
Will    .....                   (boots currently unavailable)
Stlth   ..........              n - amulet of magic regeneration
HPRegen 0.26/turn               (no ring)
MPRegen 0.53/turn               (no ring)

@: mighty, berserking, lethally poisoned (0 -> -12), spider-form (expiring),
attractive, hasted, very quick
A: venomous fangs, tiny, (nimble swimmer 2), (mertail), deterioration 2, sense
surroundings 1
a: End Transformation, Renounce Religion, Recall Undead Harvest


You were on level 8 of the Dungeon.
You worshipped Yredelemnul.
Yredelemnul was noncommittal.
You were a venomous arachnid creature.
You visited 2 branches of the dungeon, and saw 9 of its levels.

You collected 434 gold pieces.
You spent 159 gold pieces at shops.

Inventory:

Hand Weapons
 w - a +3 dagger
Missiles
 f - 2 atropa-tipped darts
 l - 5 throwing nets
 y - 4 poisoned darts
Armour
 q - a +2 robe (melded)
 x - a +1 cloak (melded)
 z - a +0 buckler
Jewellery
 n - an amulet of magic regeneration (around neck)
Wands
 k - a wand of roots (8)
 C - a wand of paralysis (9)
Scrolls
 a - a scroll of noise {unknown}
 d - 7 scrolls of teleportation
 e - 13 scrolls of identify {unknown}
 i - 5 scrolls of magic mapping {unknown}
 j - a scroll of vulnerability {unknown}
 m - 2 scrolls of fog {unknown}
 o - a scroll of fear {unknown}
 p - a scroll of immolation {unknown}
 u - a scroll of poison {unknown}
 v - a scroll of blinking {unknown}
Potions
 b - 2 potions of lignification
 c - 4 potions of attraction
 g - 2 potions of flight
 h - a potion of haste
 s - a potion of might
 B - a potion of cancellation {unknown}


   Skills:
 + Level 1.5 Fighting
 + Level 8.6 Dodging
 + Level 11.0 Unarmed Combat
 + Level 2.0 Spellcasting
 + Level 8.0 Transmutations
 + Level 6.6 Poison Magic


You had one spell level left.
You knew the following spells:

 Your Spells              Type           Power      Damage    Failure   Level
a - Beastly Appendage     Tmut           46%        N/A       4%          1
b - Wereblood             Tmut           23%        N/A       6%          2
c - Spider Form           Tmut/Pois      21%        N/A       12%         3
d - Mephitic Cloud        Conj/Pois/Air  7%         N/A       50%         3
e - Ignite Poison         Fire/Tmut/Pois 15%        N/A       24%         3

Your spell library contained the following spells:

 Spells                   Type           Power      Damage    Failure   Level
 Shock                    Conj/Air       4%         1d3       45%         1
 Ice Form                 Ice/Tmut       12%        N/A       63%         4
 Swiftness                Air            1%         N/A       77%         3
 Airstrike                Air            0%         2d(1-17)  98%         4
 Fireball                 Conj/Fire      0%         3d3       100%        5
 Freezing Cloud           Conj/Ice/Air   0%         6-21      100%        5
 Starburst                Conj/Fire      0%         6d3       100%        6
 Ignition                 Fire           0%         3d3       100%        8
 Chain Lightning          Conj/Air       0%         2d1       100%        9
 Fire Storm               Conj/Fire      0%         6d1       100%        9
 Shatter                  Erth           0%         3d5*      100%        9


Dungeon Overview and Level Annotations

Branches:
Dungeon (8/15)             Temple (1/1) D:5
   Lair: D:8-11

Altars:
Ashenzari
Cheibriados
Dithmenos
Fedhas
Gozag
Hepliaklqana
Kikubaaqudgha
Makhleb
Nemelex Xobeh
Okawaru
Qazlal
Ru
Sif Muna
Trog
Xom
Yredelemnul
Zin
The Shining One

Shops:
D:1 *   D:7 *   D:8 (

Annotations:
D:4 3 runed translucent doors, Tsarbomb's ghost, amateur GnWn
D:8 odiv's ghost, journeyman DsWn


Innate Abilities, Weirdness & Mutations

You are a venomous arachnid creature.
You have poisonous fangs.
You are tiny and dextrous.
Your spellcasting is less reliable in this form.
Your armour is entirely melded.
You are incapable of wielding weapons or throwing items.
((You are very nimble when in or above water. (Stealth+, EV+, Speed+++)))
((Your lower body shifts to a powerful aquatic tail in water.))
Your body often deteriorates upon taking damage.
You passively map a small area around you.


Message History

Odiv's ghost is attracted toward you.
You barely miss odiv's ghost.
Odiv's ghost is heavily damaged.
Your hornet zombie barely misses odiv's ghost.
Unknown command.
You barely miss odiv's ghost.
Odiv's ghost is heavily damaged.
You feel sick.
You are no longer poisoned.
Your gnoll zombie hits odiv's ghost but does no damage.
Odiv's ghost hits you.
* * * LOW HITPOINT WARNING * * *
You are lethally poisoned!
Your hornet zombie hits odiv's ghost.
It was a potion of might.
You feel very mighty all of a sudden.
* * * LOW HITPOINT WARNING * * *
You feel very sick.
Unknown command.
It was a potion of mutation.
You feel extremely strange.
You feel yourself wasting away.
You feel your body start to fall apart.
You feel a strange attunement to the structure of the dungeons.
* * * LOW HITPOINT WARNING * * *
You feel sick.
Your hornet zombie hits odiv's ghost but does no damage.
Odiv's ghost completely misses you.
Your gnoll zombie barely misses odiv's ghost.
It was a potion of berserk rage.
A red film seems to cover your vision as you go berserk!
You feel yourself moving faster!
You feel mighty!
* * * LOW HITPOINT WARNING * * *
You feel sick.
Your hornet zombie hits odiv's ghost but does no damage.
Your phantom misses odiv's ghost.
Odiv's ghost closely misses your hornet zombie.
You are too berserk!
You barely miss odiv's ghost.
Odiv's ghost is severely damaged.
You die...
Your body rises from the dead as a mindless zombie.

####.###..# * #.#
#.......>.# #.#
##.#.###.Z#+#####.#
#,* #.Z........#
#######......###### *
#.....#......'....# ,
#$...♣#......####.# ,
#..(..Z......#.... *
#(....Ws.......... * *
#...(WZ.....##.##.
*#.(...#.....##.# #.#
* #.8..(#......# # #.#
#.# #######......# *
#.# #.# * #..........#
#.# #.#
#..........#.###.###.#
#.......)..# ......#.#
#......))..#####...#.#


You could see odiv's ghost (ally target), a friendly phantom (summoned), a
friendly hornet zombie and a friendly gnoll zombie.

Vanquished Creatures
  A two-headed ogre (D:7)
  Grinder (D:4)
  A hornet (D:8)
  Menkaure (D:6)
  A water moccasin (D:6)
  2 sky beasts (D:7)
  An ice beast (D:7)
  An orc warrior (D:8)
  A black bear (D:6)
  A centaur (D:5)
  A kobold brigand (D:7)
  Blork the orc (D:4)
  2 gnoll sergeants
  4 scorpions
  A necrophage (D:7)
  3 bullfrogs (D:7)
  A howler monkey (D:7)
  A gnoll bouda (D:7)
  An orc priest (D:7)
  5 hounds
  An iguana (D:5)
  5 orc wizards
  19 gnolls
  8 adders
  3 white imps
  2 ufetubi
  2 dart slugs
  17 orcs
  5 endoplasms
  A giant cockroach (D:1)
  7 hobgoblins
  6 jackals
  A quokka (D:2)
  7 ball pythons
  5 bats
  9 frilled lizards
  4 goblins
  12 kobolds
  12 rats
157 creatures vanquished.

Vanquished Creatures (collateral kills)
  2 sky beasts (D:7)
  An ogre (D:6)
  2 scorpions
  A howler monkey (D:6)
  A gnoll bouda (D:6)
  7 gnolls
  A shadow imp (D:8)
  5 orcs
  A kobold (D:7)
21 creatures vanquished.

Vanquished Creatures (others)
  A scorpion zombie (D:6)
  An ogre zombie (D:6)
  A hound zombie (D:5)
  A howler monkey zombie (D:6)
  A spectral white imp (D:6)
  3 gnoll zombies
  A kobold zombie (D:7)
  10 orc zombies
  3 fungi (D:4)
  8 plants
30 creatures vanquished.

Grand Total: 208 creatures vanquished

Notes
Turn   | Place    | Note
-------+----------+-------------------------------------------
     0 | D:1      | Icepheonix32 the Merfolk Transmuter began the quest for the
                  | Orb.
     0 | D:1      | Reached XP level 1. HP: 15/15 MP: 3/3
    56 | D:1      | Found Myludgh's General Store.
   345 | D:1      | Reached XP level 2. HP: 17/21 MP: 3/5
   599 | D:1      | Reached skill level 4 in Unarmed Combat
   792 | D:1      | Found a faded altar of an unknown god.
   905 | D:1      | Reached XP level 3. HP: 19/26 MP: 4/6
   960 | D:1      | Bought a potion of curing for 39 gold pieces
  1487 | D:1      | Bought a scroll of teleportation for 39 gold pieces
  1593 | D:2      | Learned a level 2 spell: Wereblood
  1597 | D:2      | Learned a level 3 spell: Spider Form
  1845 | D:2      | Found a shimmering blue altar of Sif Muna.
  1892 | D:2      | You fall into a shaft and drop 1 floor!
  1984 | D:3      | Reached XP level 4. HP: 10/32 MP: 7/7
  2390 | D:3      | Reached skill level 1 in Poison Magic
  2608 | D:3      | Reached XP level 5. HP: 33/37 MP: 6/8
  2866 | D:2      | Reached skill level 5 in Unarmed Combat
  4082 | D:4      | Reached XP level 6. HP: 43/43 MP: 5/9
  4095 | D:4      | Learned a level 3 spell: Mephitic Cloud
  4422 | D:4      | Noticed Grinder
  4427 | D:4      | Paralysed by Grinder for 2 turns
  4434 | D:4      | Killed Grinder
  4435 | D:4      | Reached skill level 6 in Unarmed Combat
  4435 | D:4      | Reached skill level 5 in Transmutations
  4435 | D:4      | Reached XP level 7. HP: 48/48 MP: 10/10
  4632 | D:4      | Found a runed translucent gate.
  4632 | D:4      | Found a runed translucent gate.
  4632 | D:4      | Found a runed translucent gate.
  4634 | D:4      | Noticed Tsarbomb's ghost (amateur GnWn)
  5029 | D:4      | Noticed Blork the orc
  5041 | D:4      | Killed Blork the orc
  5706 | D:5      | Entered Level 5 of the Dungeon
  5798 | D:5      | Found a staircase to the Ecumenical Temple.
  5825 | Temple   | Entered the Ecumenical Temple
  5903 | Temple   | Became a worshipper of Yredelemnul the Dark
  6003 | D:5      | Found a glowing silver altar of Zin.
  6026 | D:5      | Reached skill level 7 in Unarmed Combat
  6395 | D:5      | Reached * piety under Yredelemnul
  6621 | D:5      | Reached skill level 5 in Dodging
  6781 | D:5      | Reached XP level 8. HP: 37/54 MP: 9/11
  6972 | D:5      | Reached ** piety under Yredelemnul
  7910 | D:6      | Noticed Menkaure
  7926 | D:6      | Killed Menkaure
  7927 | D:6      | Reached skill level 8 in Unarmed Combat
  8840 | D:6      | Reached skill level 5 in Poison Magic
  8859 | D:6      | Found a sparkling altar of Nemelex Xobeh.
  9099 | D:6      | Reached XP level 9. HP: 45/59 MP: 12/12
  9398 | D:7      | Noticed a two-headed ogre
  9415 | D:7      | Killed a two-headed ogre
  9416 | D:7      | Reached skill level 9 in Unarmed Combat
  9841 | D:7      | Found an iron altar of Okawaru.
 10351 | D:7      | Reached skill level 10 in Unarmed Combat
 10664 | D:7      | Found Ynluttoo's General Store.
 10670 | D:7      | Bought a scroll of teleportation for 42 gold pieces
 11043 | D:7      | Reached XP level 10. HP: 63/65 MP: 13/13
 11374 | D:1      | Bought a potion of flight for 39 gold pieces
 11614 | D:8      | Found a shimmering blue altar of Sif Muna.
 11614 | D:8      | Found a stormy altar of Qazlal.
 11618 | D:8      | Found an ancient bone altar of Kikubaaqudgha.
 11675 | D:8      | Found Ifibu's Weapon Boutique.
 11740 | D:8      | Learned a level 3 spell: Ignite Poison
 12097 | D:8      | Found a runed translucent gate.
 12098 | D:8      | Noticed odiv's ghost (journeyman DsWn)
 12107 | D:8      | Reached skill level 11 in Unarmed Combat
 12117 | D:8      | Found a runed translucent gate.
 12119 | D:8      | Found a runed translucent gate.
 12201 | D:8      | Gained mutation: Your body sometimes deteriorates upon
                  | taking damage. [potion of mutation]
 12201 | D:8      | Gained mutation: Your body often deteriorates upon taking
                  | damage. [potion of mutation]
 12201 | D:8      | Gained mutation: You passively map a small area around you.
                  | [potion of mutation]
 12201 | D:8      | HP: 2/66 [poisoned by odiv's ghost]
 12203 | D:8      | Succumbed to odiv's ghost's poison

Illustrated notes

Levels and vault maps discovered:
D:1:      eino_arrival_water_cross, layout_loops_ring, serial_shops,
          nicolae_shop_window_shopping, ebering_ecumenical_altar_mist
D:2:      layout_basic, basic_altar, serial_bayou_pond_c, cheibrodos_gnoll_hut
D:3:      layout_rooms, chequers_serial_rivers_small_b
D:4:      layout_basic, gammafunk_ghost_nasty_kobolds, uniq_grinder,
          uniq_blork_the_orc
D:5:      layout_cave_pods, overflow_temple_1_default,
          minmay_temple_entry_water_ring, chequers_serial_rivers_large_b
D:6:      layout_cave_pods, nemelex_dance_club_becter, serial_glass,
          glass_columns_c, glass_columns_a, uniq_menkaure
D:7:      layout_basic, lemuel_coloured_pillars_altar, serial_shops, shop
D:8:      layout_basic, kennysheep_mini_moat, grunt_temple_overflow_open,
          ebering_ghost_rock_garden, serial_shops,
          nicolae_shop_bloodbath_and_beyond
Temple:   nicolae_temple_hex_pool

Skill      XL: |  1  2  3  4  5  6  7  8  9 10 |
---------------+-------------------------------+-----
Dodging        | 3 4 5 6 8 |  8.6
Transmutations | 3 4 5 6 7 8 |  8.0
Unarmed Combat | 4 5 6 7 8 10 11 | 11.0
Poison Magic   | 1 2 3 5 6 |  6.6
Fighting       | |  1.5
Spellcasting   | |  2.0

Action                   |  1- 3 |  4- 6 |  7- 9 | 10-12 || total
-------------------------+-------+-------+-------+-------++-------
Melee: Unarmed           |   119 |   130 |   292 |    45 ||   586
       Headbutt          |    18 |    18 |    22 |       ||    58
       Punch             |     3 |     4 |     9 |       ||    16
       Tailslap          |       |     5 |       |       ||     5
 Cast: Beastly Appendage |    29 |    17 |    25 |     1 ||    72
       Wereblood         |       |     4 |     3 |     1 ||     8
       Spider Form       |       |       |     7 |     4 ||    11
       Mephitic Cloud    |       |       |     1 |       ||     1
Invok: Recall Undead Har |       |       |     1 |       ||     1
       Dark Bargain      |       |       |     4 |     1 ||     5
Evoke: Wand              |       |     1 |       |     1 ||     2
  Use: Potion            |       |     2 |     4 |     6 ||    12
 Stab: Sleeping          |     2 |       |       |       ||     2
       Distracted        |       |       |     1 |       ||     1
Armor: Robe              |    19 |    12 |    47 |     1 ||    79
       Skin              |       |     5 |     1 |     1 ||     7
Dodge: Dodged            |    96 |    86 |   252 |    44 ||   478
